Map: King Sejong Station LE

Players

MaSa

  • Race: Terran Terran

Major (SpeCial) - Winner!

  • Race: Terran Terran

Event: 2016 WCS Summer Circuit Championship (DH Montreal)

VOD

Have the link to the VOD?

Description

Time

  • Played on: Aug. 12, 2016, 5:13 p.m.
  • Length: 14:54

All games in this series

Show
View Real Time Build Order
Export as new Build Order

MaSa Terran 

Build Orders: 1/1/1, Liberator Opening 

Get SALT Encoding   

  12  0:00  SCV  
  13  0:12  SCV  
  14  0:17  Supply Depot  
  14  0:24  SCV  
  14  0:27  Refinery  
  15  0:38  SCV  
  16  0:44  Barracks  
  16  0:50  SCV  
  17  1:03  SCV  
  18  1:15  SCV  
  19  1:31  Factory, Marine, Orbital Command  
  20  1:38  Supply Depot  
  20  1:49  Marine  
  21  1:57  SCV  
  22  2:02  Supply Depot  
  22  2:06  Marine  
  23  2:09  SCV  
  23  2:15  Starport  
  26  2:17  Hellion  
  26  2:21  SCV  
  27  2:24  Marine  
  28  2:33  SCV  
  29  2:38  Hellion  
  29  2:43  Marine  
  31  2:46  SCV  
  32  2:51  Medivac  
  34  3:00  Command Center  
  34  3:02  Marine  
  35  3:07  Hellion  
  35  3:12  Supply Depot  
  37  3:15  SCV  
  38  3:21  Marine, Refinery  
  39  3:27  Liberator  
  39  3:34  SCV  
  40  3:46  SCV  
  44  3:48  Factory Tech Lab  
  43  3:58  SCV  
  44  4:07  Command Center, Barracks Reactor  
  42  4:11  SCV  
  42  4:17  Orbital Command  
  42  4:24  Cyclone, SCV  
  47  4:36  SCV  
  46  4:46  Marine x2  
  46  4:47  SCV  
  46  4:49  SCV  
  49  4:59  SCV  
  50  5:01  SCV  
  50  5:05  Barracks  
  51  5:07  Barracks  
  51  5:09  Marine x2  
  51  5:10  Raven  
  51  5:11  Factory Tech Lab, SCV  
  51  5:13  SCV  
  54  5:23  SCV  
  54  5:25  SCV  
  54  5:26  Orbital Command  
  54  5:27  Marine  
  55  5:31  Marine  
  53  5:36  Cyclone, SCV  
  53  5:37  SCV  
  59  5:47  Engineering Bay  
  59  5:48  SCV  
  60  5:53  SCV  
  60  5:54  SCV  
  60  5:58  Barracks Reactor x2  
  60  5:59  Refinery  
  60  6:00  SCV  
  60  6:01  Refinery  
  60  6:02  Viking  
  63  6:05  SCV  
  63  6:08  SCV  
  64  6:14  Siege Tank  
  67  6:22  Marine  
  68  6:30  Viking, Barracks  
  70  6:33  Barracks  
  70  6:37  SCV x2  
  70  6:39  SCV  
  72  6:40  Marine x3  
  72  6:41  Marine  
  72  6:44  Marine  
  74  6:49  SCV  
  74  6:50  SCV  
  73  6:57  SCV  
  62  7:06  Marine, SCV  
  63  7:11  Marine  
  63  7:13  SCV  
  64  7:21  Siege Tank, Stimpack  
  67  7:23  SCV  
  67  7:28  SCV  
  67  7:34  Viking  
  67  7:36  Marine  
  71  7:40  SCV  
  71  7:41  SCV, Orbital Command  
  72  7:44  Terran Infantry Weapons Level 1  
  72  7:46  Supply Depot  
  72  7:48  Refinery  
  72  7:49  Missile Turret  
  72  7:52  SCV  
  72  7:53  SCV  
  74  7:59  Marine x3  
  77  8:08  Marine x2, Siege Tank, SCV x2  
  77  8:09  SCV  
  84  8:20  SCV  
  85  8:28  Supply Depot x2  
  85  8:31  Missile Turret  
  85  8:37  Supply Depot  
  85  8:40  Viking, Marine  
  85  8:42  Viking, Marine x2, SCV  
  85  8:43  Marine, SCV x2  
  85  8:44  Marine  
  84  8:54  Barracks, SCV  
  84  8:55  Barracks  
  84  8:58  Marine  
  84  9:00  Marine x2  
  84  9:01  Marine  
  84  9:02  Siege Tank  
  88  9:03  SCV  
  88  9:06  Marine  
  89  9:11  SCV  
  89  9:16  Marine  
  91  9:17  Engineering Bay  
  91  9:22  SCV  
  91  9:23  Marine  
  90  9:26  SCV x2  
  90  9:31  Marine x2  
  90  9:39  SCV  
  90  9:44  Barracks Reactor x2, Combat Shields  
  91  9:47  SCV x2  
  91  9:48  Terran Infantry Armor Level 1  
  91  9:50  Armory  
  91  9:51  Marine x2, SCV  
  96  9:56  Marine x2  
  96  9:57  Marine  
  99  10:09  Marine x2  
  100  10:14  Marine x2  
  100  10:15  Marine  
  100  10:19  Siege Tank  
  100  10:20  Medivac x2  
  103  10:23  Marine x2  
  103  10:25  Factory  
  103  10:27  Marine x2  
  107  10:30  Supply Depot  
  107  10:32  Marine  
  107  10:34  Marine x3  
  105  10:36  Marine  
  105  10:37  Refinery x2  
  105  10:40  Marine  
  105  10:41  Marine  
  105  10:44  Marine  
  105  10:45  Marine  
  107  10:50  Marine  
  107  10:52  Supply Depot, Marine x2  
  107  10:53  Supply Depot  
  107  10:56  Sensor Tower  
  110  11:00  Medivac  
  110  11:03  Marine x3  
  115  11:04  Marine  
  116  11:12  Terran Infantry Weapons Level 2  
  116  11:20  Barracks Reactor, Marine  
  116  11:21  Marine x4  
  116  11:24  Siege Tank  
  124  11:28  Siege Tank  
  127  11:34  Medivac x2  
  131  11:46  Terran Vehicle Weapons Level 1  
  131  11:48  Supply Depot  
  131  11:50  Supply Depot  
  130  11:56  Siege Tank  
  132  12:10  Siege Tank  
  134  12:21  Marine x3  
  134  12:22  Marine  
  136  12:26  Marine x4  
  136  12:27  Marine x2  
  136  12:28  Siege Tank  
  130  12:39  Marine x4  
  130  12:42  Siege Tank  
  120  12:44  Marine x4  
  120  12:45  Marine x2  
  120  12:46  Medivac  
  120  12:57  Marine x4  
  107  13:02  Marine x4  
  107  13:04  Marine x2  
  106  13:07  Medivac  
  105  13:15  Marine x2  
  105  13:16  Medivac  
  105  13:18  Marine x2  
  105  13:19  Marine  
  111  13:22  SCV x2  
  113  13:27  Siege Tank  
  113  13:28  Marine  
  113  13:30  SCV  
  113  13:33  Marine x3  
  118  13:37  Medivac  
  118  13:38  Marine  
  118  13:39  Marine  
  118  13:41  Marine  
  120  13:45  Marine x2  
  120  13:46  Marine  
  120  13:48  Siege Tank  
  121  13:49  Marine  
  121  13:51  Medivac  
  121  13:54  Marine x2  
  125  13:57  Marine x2  
  125  14:01  Marine, Siege Tank  
  131  14:03  Marine  
  131  14:04  Marine  
  131  14:09  Marine x3  
  129  14:11  Medivac  
  129  14:13  Marine x2  
  129  14:20  Siege Tank  
  129  14:22  Marine  
Show
View Real Time Build Order
Export as new Build Order

Major Terran - Winner!

Build Orders:  

Get SALT Encoding   

  12  0:00  SCV  
  13  0:12  SCV  
  14  0:17  Supply Depot  
  14  0:25  SCV  
  14  0:27  Refinery  
  15  0:38  SCV  
  16  0:45  Barracks  
  16  0:50  SCV  
  16  0:54  Refinery  
  17  1:02  SCV  
  18  1:15  SCV  
  19  1:33  Factory, Orbital Command  
  19  1:37  Reaper  
  20  1:53  Supply Depot  
  20  1:58  SCV  
  21  2:09  Reaper  
  21  2:10  SCV  
  23  2:19  Hellion  
  26  2:22  SCV  
  26  2:33  Command Center  
  26  2:35  SCV  
  27  2:43  Supply Depot  
  27  2:46  Barracks Reactor  
  27  2:48  Factory Tech Lab  
  27  2:49  SCV  
  28  3:01  SCV  
  29  3:06  Cyclone  
  33  3:13  SCV  
  33  3:14  Starport  
  34  3:23  Marine x2  
  34  3:25  SCV  
  37  3:37  SCV  
  37  3:41  Marine x2  
  37  3:45  Siege Tank  
  37  3:46  Orbital Command  
  42  3:49  SCV  
  42  3:53  Viking  
  45  4:00  Supply Depot  
  45  4:01  SCV  
  45  4:02  Marine x2  
  48  4:12  SCV  
  48  4:13  SCV  
  50  4:20  Marine  
  50  4:22  Marine  
  53  4:24  SCV  
  53  4:25  SCV  
  54  4:36  SCV  
  54  4:37  Banshee, Cloaking Field  
  54  4:38  Marine  
  58  4:43  SCV  
  60  4:46  Marine  
  60  4:48  SCV  
  61  4:56  Marine  
  58  5:02  SCV x2  
  58  5:04  Marine  
  59  5:12  Factory Tech Lab  
  59  5:14  Marine, SCV x2  
  59  5:21  Banshee  
  59  5:26  SCV x2  
  60  5:38  Supply Depot, SCV x2  
  60  5:50  SCV x2  
  62  5:58  Command Center  
  62  5:59  Marine x2  
  62  6:01  Supply Depot  
  62  6:03  SCV x2  
  66  6:05  Siege Tank  
  64  6:12  Banshee  
  64  6:15  SCV x2  
  64  6:17  Marine  
  64  6:18  Supply Depot  
  70  6:22  Marine  
  71  6:28  Refinery  
  71  6:29  Refinery  
  71  6:32  SCV  
  71  6:33  SCV  
  71  6:35  Marine  
  71  6:39  Supply Depot  
  73  6:40  Marine  
  73  6:42  Siege Tank  
  73  6:43  Supply Depot  
  73  6:44  SCV  
  73  6:45  SCV  
  74  7:00  SCV x2  
  64  7:12  SCV x2  
  64  7:13  Engineering Bay  
  64  7:15  Engineering Bay  
  62  7:19  Supply Depot  
  62  7:20  Marine  
  62  7:21  Stimpack  
  63  7:24  Viking x2, SCV x2  
  63  7:27  Orbital Command  
  69  7:31  Siege Tank  
  71  7:38  Marine  
  71  7:41  SCV x2  
  74  7:44  Barracks  
  74  7:47  Barracks  
  74  7:53  SCV  
  74  7:55  Terran Infantry Armor Level 1, Terran Infantry Weapons Level 1  
  74  7:56  Marine  
  74  7:58  Viking  
  78  8:00  SCV  
  78  8:02  SCV  
  78  8:03  Viking  
  82  8:13  Marine  
  82  8:17  SCV x3  
  85  8:24  Siege Tank  
  88  8:29  SCV x2  
  88  8:33  Viking x2  
  94  8:38  Barracks Reactor x2  
  79  8:48  SCV  
  79  8:49  SCV  
  79  8:55  SCV  
  79  8:56  Barracks  
  79  8:57  Barracks  
  79  9:01  SCV x2  
  79  9:02  Marine  
  79  9:03  Siege Tank  
  79  9:04  Medivac x2  
  79  9:07  SCV  
  86  9:13  SCV x2  
  87  9:19  Marine  
  87  9:23  Marine x4  
  91  9:25  SCV x3  
  94  9:34  Refinery  
  94  9:35  Supply Depot, Combat Shields, Refinery  
  94  9:36  Supply Depot  
  94  9:37  Armory, SCV x3  
  98  9:41  Marine x3  
  98  9:44  Marine x2  
  98  9:49  SCV  
  98  9:50  Barracks Reactor  
  98  9:51  Medivac  
  98  9:52  SCV x2  
  101  10:01  SCV  
  101  10:03  Supply Depot x2  
  101  10:04  Marine x2, SCV  
  101  10:05  Marine x2  
  107  10:07  Barracks Reactor  
  107  10:12  SCV  
  107  10:13  SCV  
  101  10:19  Marine  
  102  10:22  Missile Turret, Marine x3, Siege Tank  
  102  10:25  Marine  
  107  10:30  SCV x2  
  107  10:31  Medivac x2  
  106  10:36  Marine  
  106  10:38  Marine x2  
  106  10:39  SCV  
  106  10:40  Marine x3  
  106  10:42  SCV  
  114  10:44  Supply Depot, Factory  
  114  10:45  Marine x3  
  117  10:50  SCV  
  117  10:54  Marine  
  117  10:56  Marine x2  
  121  10:58  Marine x3  
  121  11:01  Refinery  
  121  11:02  SCV x2  
  121  11:03  Marine x3, Sensor Tower  
  129  11:09  Terran Infantry Weapons Level 2  
  129  11:12  Marine  
  129  11:13  Marine  
  129  11:14  Marine  
  129  11:15  Marine  
  129  11:16  Marine x2, SCV x3  
  129  11:18  Terran Infantry Armor Level 2  
  138  11:21  Marine x2  
  138  11:22  Marine  
  141  11:30  Marine  
  141  11:31  Marine x2  
  144  11:33  Marine x2, Terran Vehicle Weapons Level 1  
  144  11:34  Marine  
  144  11:36  SCV x3  
  149  11:40  Factory Tech Lab, Siege Tank  
  149  11:41  Supply Depot  
  149  11:46  Marine x3  
  155  11:48  Marine, SCV  
  155  11:49  Marine  
  156  11:55  SCV  
  156  11:58  SCV  
  157  12:02  Medivac x2  
  157  12:07  Supply Depot  
  161  12:09  Command Center, Supply Depot  
  161  12:11  Supply Depot  
  161  12:12  Supply Depot  
  161  12:13  Marine x3  
  161  12:15  Siege Tank  
  167  12:18  Marine x3  
  168  12:25  Marine  
  168  12:28  Marine  
  168  12:29  Marine, SCV  
  167  12:30  Marine  
  167  12:31  Marine  
  167  12:32  Siege Tank  
  167  12:35  Marine  
  165  12:39  Medivac x2  
  165  12:40  Marine x2  
  164  12:45  Marine x2  
  164  12:47  Marine  
  164  12:48  Marine  
  149  12:52  SCV x2  
  149  12:57  Marine x2  
  142  13:00  Marine x2  
  143  13:09  Medivac x2  
  143  13:10  Supply Depot, Marine x2  
  143  13:11  Supply Depot  
  149  13:20  Marine x3  
  149  13:23  Marine x2  
  149  13:25  Planetary Fortress  
  154  13:35  SCV x3  
  154  13:36  Marine x2  
  154  13:40  Marine x4  
  154  13:41  Marine x2  
  163  13:45  Siege Tank  
  163  13:46  Marine  
  163  13:54  Marine x2  
  161  13:58  Marine x3  
  161  13:59  Marine  
  165  14:04  Marine x2  
  165  14:06  SCV x2  
  167  14:13  Marine x3  
  167  14:14  SCV  
  167  14:15  Marine  
  167  14:16  Marine x2  
  174  14:18  SCV x2  
  174  14:19  Siege Tank  
  179  14:30  Supply Depot  
  173  14:33  Marine x2  
  173  14:34  Marine x4  
  180  14:51  Supply Depot  
Tags
 
Add a new tag
Caveats
  • Supply blocks, unpowered buildings, or Contaminate may cause inaccurate times.
  • Supply counts are checked every 10 seconds.